 Dungeon Crawl Stone Soup version 0.29-a0-757-g358383bc75 (webtiles) character file.

Game seed: 15830309175104056231

130 avis the Chiller (level 4, 0/37 HPs)
             Began as a Demigod Ice Elementalist on June 30, 2022.
             Slain by Blork the orc
             ... wielding a +4 battleaxe
              (6 damage)
             ... on level 4 of the Dungeon on July 1, 2022.
             The game lasted 00:19:38 (2966 turns).

avis the Chiller (Demigod Ice Elementalist)         Turns: 2966, Time: 00:19:39

Health: 0/37       AC: 10    Str:  9    XL:     4   Next: 60%
Magic:  6/11       EV: 12    Int: 23    God:
Gold:   128        SH:  4    Dex: 18    Spells: 5/9 levels left

rFire   . . .      SeeInvis .   a - +7 whip of Fedhas, Sheltering {vamp, rElec}
rCold   . . .      Faith    .   g - +0 buckler
rNeg    . . .      Spirit   .   c - +0 robe
rPois   .          Reflect  .   k - +0 helmet
rElec   +          Harm     .   p - +0 cloak
rCorr   .          Rampage  .   (no gloves)
Will    .....                   (no boots)
Stlth   ++........              (no amulet)
HPRegen 0.12/turn               s - +6 ring of intelligence
MPRegen 0.12/turn               (no ring)

@: ice-armoured
A: high MP 1, forlorn, divine attributes
a: no special abilities


You were on level 4 of the Dungeon.
You visited 1 branch of the dungeon, and saw 4 of its levels.

You collected 170 gold pieces.
You spent 42 gold pieces at shops.

Inventory:

Hand Weapons
 a - the +7 whip of Fedhas, Sheltering (weapon) {vamp, rElec}
   (You found it on level 3 of the Dungeon)

   It occasionally heals its wielder for a portion of the damage dealt when it
   wounds a living foe.
   rElec:     It insulates you from electricity.
 e - a +0 long sword
 w - a +2 short sword of venom
Missiles
 n - 3 poisoned darts
 o - 5 javelins
Armour
 c - a +0 robe (worn)
 g - a +0 buckler (worn)
 k - a +0 helmet (worn)
 p - a +0 cloak (worn)
Jewellery
 s - a +6 ring of intelligence (left hand)
Wands
 t - a wand of flame (20)
Scrolls
 d - a scroll of teleportation
 f - a scroll of blinking {unknown}
 h - a scroll of acquirement {unknown}
 l - a scroll of fear {unknown}
 r - a scroll of magic mapping {unknown}
 y - a scroll of enchant weapon {unknown}
 z - a scroll of silence {unknown}
Potions
 b - a potion of magic
 i - 2 potions of curing
 j - 3 potions of lignification {unknown}
 m - 2 potions of ambrosia {unknown}
 q - a potion of heal wounds {unknown}
 u - a potion of degeneration {unknown}
 v - a potion of mutation {unknown}
 x - a potion of flight {unknown}


   Skills:
 * Level 2.5 Fighting
 - Level 2.0 Dodging
 - Level 2.0 Stealth
 - Level 3.0 Spellcasting
 - Level 4.0 Ice Magic


You had 5 spell levels left.
You knew the following spells:

 Your Spells              Type           Power      Damage    Failure   Level
a - Freeze                Ice            84%        1d10      3%          1
o - Ozocubu's Armour      Ice            21%        N/A       9%          3

Your spell library contained the following spells:

 Spells                   Type           Power      Damage    Failure   Level
 Frozen Ramparts          Ice            42%        1d6       9%          3
 Blink                    Tloc           6%         N/A       24%         2
 Lesser Beckoning         Tloc           3%         N/A       43%         3
 Hailstorm                Conj/Ice       12%        3d5       56%         4
 Manifold Assault         Tloc           3%         N/A       99%         5
 Dispersal                Tloc           1%         N/A       100%        6
 Disjunction              Tloc           1%         N/A       100%        8


Dungeon Overview and Level Annotations

Branches:
Dungeon (4/15)
 Temple: D:4-7

Shops:
D:1 !

Annotations:
D:3 Grinder
D:4 Blork the orc


Innate Abilities, Weirdness & Mutations

You have an increased reservoir of magic. (+10% MP)
You shall have no god before yourself.
Your divine heritage dramatically boosts your attributes as you level up.


Message History

The ufetubus hits you but does no damage.
The ufetubus hits you. The ufetubus barely misses you.
The ufetubus barely misses you. x2
Casting: Ozocubu's Armour (dangerous; 9% risk of failure)
Confirm with . or Enter, or press ? or * to list all spells.
You miscast Ozocubu's Armour.
You are very lightly contaminated with residual magic.
Nothing appears to happen.
The ufetubus hits you. The ufetubus misses you.
Blork the orc shouts!
You hit the ufetubus but do no damage. You block the ufetubus's attack.
The ufetubus barely misses you. The ufetubus hits you.
The ufetubus closely misses you.
You hit the ufetubus.
The ufetubus is moderately wounded.
The ufetubus barely misses you. The ufetubus hits you.
You whack the ufetubus!
You kill the ufetubus!
Blork the orc looks braver for a moment.
A scorpion comes into view.
Blork the orc casts a spell at you. The puff of flame hits you!
Your magical contamination has completely faded away.
You hit Blork the orc but do no damage. Blork the orc misses you.
You hit Blork the orc.
Blork the orc is lightly wounded.
Blork the orc completely misses you.
You closely miss Blork the orc.
Blork the orc is lightly wounded.
Blork the orc hits you with a +4 battleaxe!
* * * LOW HITPOINT WARNING * * *
Okay, then.
You whack Blork the orc!
You feel better.
Blork the orc is moderately wounded.
Blork the orc gestures wildly while chanting.
Blork the orc seems to speed up.
Blork the orc barely misses you.
Casting: Ozocubu's Armour (dangerous; 9% risk of failure)
Confirm with . or Enter, or press ? or * to list all spells.
A film of ice covers your body!
Blork the orc hits you with a +4 battleaxe.
You die...

#..#.............#.<.....
#..#..........)...?......
#..#.............#.......
.[.##)##.#.........).....
............####.#####...
..........#.# #.# ##
........#...## #.#
#............###o#
.....#........##@#
##...#...........##
...............#..####
......................
#................###.#
.....#............##
##...#........>....##
#####............).##
#####.##...........#


You could see Blork the orc (fast).

Vanquished Creatures
  A jelly (D:4)
  Ijyb (D:4)
  An adder (D:3)
  An ufetubus (D:4)
  A worm (D:4)
  3 dart slugs
  5 bats
  4 endoplasms
  3 hobgoblins
  5 quokkas
  10 ball pythons
  4 frilled lizards
  5 goblins
  3 kobolds (D:1)
  7 rats
54 creatures vanquished.

Notes
Turn   | Place    | Note
-------+----------+-------------------------------------------
     0 | D:1      | avis the Demigod Ice Elementalist began the quest for the
                  | Orb.
     0 | D:1      | Reached XP level 1. HP: 14/14 MP: 5/5
   224 | D:1      | Reached skill level 4 in Ice Magic
   335 | D:1      | Reached XP level 2. HP: 19/22 MP: 4/7
   402 | D:1      | Reached skill level 1 in Fighting
   513 | D:1      | Found Eshomec's Distillery.
  1213 | D:1      | Bought a potion of curing for 42 gold pieces
  1259 | D:2      | Reached XP level 3. HP: 20/28 MP: 5/8
  1516 | D:2      | Learned a level 3 spell: Ozocubu's Armour
  2084 | D:3      | Identified the +7 whip of Fedhas, Sheltering {vamp, rElec}
  2209 | D:3      | Noticed Grinder
  2683 | D:4      | Noticed Ijyb
  2697 | D:4      | Killed Ijyb
  2698 | D:4      | Reached XP level 4. HP: 23/36 MP: 7/10
  2945 | D:4      | Noticed Blork the orc
  2966 | D:4      | Slain by Blork the orc

Illustrated notes

Levels and vault maps discovered:
D:1:      lemuel_arrival_room, layout_basic, serial_shops, shop
D:2:      layout_rooms, kennysheep_minor_cross
D:3:      layout_loops_ring, nicolae_overflow_ecumenical_swirl,
          mainiacjoe_overflow_concentric_impassable, grunt_ministairs_10,
          uniq_grinder
D:4:      layout_rooms, uniq_sigmund, uniq_ijyb, uniq_blork_the_orc

Skill      XL: |  1  2  3  4 |
---------------+-------------+-----
Ice Magic      | 4 |  4.0
Fighting       | 1 2 |  2.5
Spellcasting   | 2 3 |  3.0
Stealth        | 2 |  2.0
Dodging        | 2 |  2.0

Action                   |  1- 3 |  4- 6 || total
-------------------------+-------+-------++-------
Melee: Dagger            |    16 |       ||    16
       Whip              |    17 |    20 ||    37
 Cast: Freeze            |    49 |       ||    49
       Ozocubu's Armour  |     3 |     2 ||     5
  Use: Scroll            |     1 |       ||     1
 Stab: Sleeping          |     8 |       ||     8
       Distracted        |     1 |       ||     1
Armor: Robe              |    17 |     2 ||    19
Dodge: Dodged            |    26 |    15 ||    41
Block: Buckler           |     4 |     3 ||     7

Table legend: (Time is in decaauts)
 A = Elapsed time spent in this place.
 B = Non-inter-level travel time spent in this place.
 C = Inter-level travel time spent in this place.
 D = Time resting spent in this place.
 E = Time spent auto-exploring this place.
 F = Levels seen in this place.
 G = Mean time per level.
                   A        B        C        D        E       F      G
               +--------+--------+--------+--------+--------+-----+--------+
         Total |   2970 |   2782 |    188 |    602 |   1453 |   4 |  742.5 |
       Dungeon |   2970 |   2782 |    188 |    602 |   1453 |   4 |  742.5 |
               +--------+--------+--------+--------+--------+-----+--------+

Top non-repeatable levels by time:
     D:1: 1225 daAuts
     D:3: 789 daAuts
     D:2: 667 daAuts
     D:4: 288 daAuts
